 Dungeon Crawl Stone Soup version 0.22-a0-609-gfedc9ff (webtiles) character file.

7903 Amnesiac the Covert (level 11, -3/75 HPs)
             Began as a Vampire Earth Elementalist on July 10, 2018.
             Was a Priest of Dithmenos.
             Slain by a sixfirhy (11 damage)
             ... on level 7 of the Dungeon.
             The game lasted 00:21:19 (4566 turns).

Amnesiac the Covert (Vampire Earth Elementalist)    Turns: 4566, Time: 00:21:20

Health: -3/75      AC:  6    Str:  7    XL:     11   Next: 2%
Magic:  7/17       EV: 16    Int: 20    God:    Dithmenos [***...]
Gold:   84         SH:  6    Dex: 22    Spells: 4/18 levels left

rFire    . . .     SeeInvis +   a - +1 dagger (venom)
rCold    + + .     Gourm    .   h - +0 buckler
rNeg     + + +     Faith    .   c - +0 robe
rPois    ∞         Spirit   .   (no helmet)
rElec    .         Reflect  .   (no cloak)
rCorr    .         Harm     .   k - -1 pair of gloves
MR       +....                  o - +2 pair of boots
Stlth    ++++++++++             f - amulet of magic regeneration
HPRegen  0.00/turn              q - +6 ring of dexterity
MPRegen  0.40/turn              u - +1 ring of protection

@: bloodless, non-regenerating, wreathed by umbra
A: fangs 3, see invisible, unbreathing
a: Bat Form, Shadow Step, Renounce Religion


You were on level 7 of the Dungeon.
You worshipped Dithmenos.
Dithmenos was most pleased with you.
You were bloodless.

You visited 2 branches of the dungeon, and saw 12 of its levels.

You collected 307 gold pieces.
You spent 223 gold pieces at shops.

Inventory:

Hand Weapons
 a - a +1 dagger of venom (weapon)
 b - a +2 short sword of draining
 m - a +0 blowgun
Missiles
 z - 8 poisoned needles
 A - 29 stones (quivered)
Armour
 c - a +0 robe (worn)
 h - a +0 buckler (worn)
 k - a -1 pair of gloves (worn)
 o - a +2 pair of boots (worn)
Jewellery
 f - an amulet of magic regeneration (around neck)
 q - a +6 ring of dexterity (left hand)
 u - a +1 ring of protection (right hand)
Wands
 i - a wand of iceblast (15)
 n - a wand of scattershot (4)
 x - a wand of digging (10)
 y - a wand of paralysis (24)
 G - a wand of disintegration (22)
Scrolls
 e - 2 scrolls of magic mapping {!r}
 g - a scroll of teleportation {!r}
 l - 2 scrolls of enchant weapon {!r}
 w - a scroll of amnesia {!r}
Potions
 d - 43 potions of blood {!q}
 j - 2 potions of magic {!q}
 p - 2 potions of ambrosia {!q, unknown}
 r - a potion of berserk rage {!q, unknown}
 s - 2 potions of curing {!q}
 v - a potion of mutation {!q}
 B - a potion of haste {!q}
 C - a potion of brilliance {!q}
 D - a potion of invisibility {!q}
 E - a potion of might {!q}
 F - 2 potions of agility {!q}
 H - a potion of flight {!q}


   Skills:
 + Level 3.4 Fighting
 - Level 10.0 Short Blades
 + Level 5.0 Dodging
 - Level 12.0 Stealth
 - Level 4.2 Shields
 - Level 4.0 Spellcasting
 - Level 2.2 Transmutations
 + Level 9.1 Earth Magic


You had 4 spell levels left.
You knew the following spells:

 Your Spells              Type           Power        Failure   Level  Hunger
a - Sandblast             Erth           #####.       1%          1    None
b - Passwall              Tmut/Erth      ####....     1%          2    #......
d - Lee's Rapid Deconstr  Erth           #####.....   9%          5    ######.
e - Petrify               Tmut/Erth      ####....     13%         4    ####...
v - Blink                 Tloc           N/A          19%         2    #......

Your spell library contained the following spells:

 Spells                   Type           Power        Failure   Level  Hunger
 Magic Dart               Conj           #...         13%         1    None
 Conjure Flame            Conj/Fire      #.......     36%         3    ###....
 Slow                     Hex            #.......     19%         2    #......
 Mephitic Cloud           Conj/Pois/Air  #.......     36%         3    ###....
 Call Imp                 Summ           #.......     19%         2    #......
 Stone Arrow              Conj/Erth      ###...       6%          3    ###....


Dungeon Overview and Level Annotations

Branches:
Dungeon (11/15)            Temple (1/1) D:6             Orc (0/2) D:10
   Lair: D:8-11

Altars:
Ashenzari
Cheibriados
Dithmenos
Elyvilon
Fedhas
Hepliaklqana
Kikubaaqudgha
Nemelex Xobeh
Okawaru
Ru
Sif Muna
Trog
Uskayaw
Vehumet
Wu Jian
Xom
Zin
The Shining One

Shops:
D:5 *   D:6 [   D:11 =!}

Annotations:
D:5 exclusion: water moccasin, Duvessa


Innate Abilities, Weirdness & Mutations

You do not heal naturally.
You are immune to poison.
You have razor-sharp teeth.
You have supernaturally acute eyesight. (SInv)
You can survive without breathing.


Message History

Dithmenos accepts your kill.
A - 25 stones
Casting: Sandblast (safe; 1% risk of failure)
Confirm with . or Enter, or press ? or * to list all spells.
You can't see any susceptible monsters within range! (Use Z to cast anyway.)
Casting: Sandblast (safe; 1% risk of failure)
Confirm with . or Enter, or press ? or * to list all spells.
You can't see any susceptible monsters within range! (Use Z to cast anyway.)
A - 28 stones (gained 3)
A - 29 stones (gained 1)
(D) Dungeon (T) Temple (O) Orcish Mines
Where to? (Enter - D:8 @ (x,y), ? - help)
There is a stone staircase leading up here.
You climb upwards.
Level annotation: 1 runed door, 1 exclusion
There is a stone staircase leading down here.
You open the door.
A sixfirhy comes into view.
Found 20 stones.
Casting: Sandblast (safe; 1% risk of failure)
Confirm with . or Enter, or press ? or * to list all spells.
Aiming: Petrify (safe; 13% risk of failure)
Press: ? - help, Shift-Dir - straight line, f - sixfirhy
Aim: a sixfirhy (hasn't noticed you, chance to defeat MR: 22%)
The sixfirhy resists with almost no effort.
The sixfirhy hits you! The sixfirhy shocks you!
* * * LOW HITPOINT WARNING * * *
The sixfirhy hits you!
* * * LOW HITPOINT WARNING * * *
The sixfirhy shocks you!
* * * LOW HITPOINT WARNING * * *
One of your 44 potions of blood {!q} rots away.
Unknown command.
Casting: Petrify (safe; 13% risk of failure)
Confirm with . or Enter, or press ? or * to list all spells.
Aiming: Petrify (safe; 13% risk of failure)
Press: ? - help, Shift-Dir - straight line, f/p - sixfirhy
Aim: a sixfirhy (umbra, chance to defeat MR: 22%)
The sixfirhy resists with almost no effort.
Unknown command.
Okay, then.
Casting: Petrify (safe; 13% risk of failure)
Confirm with . or Enter, or press ? or * to list all spells.
Aiming: Petrify (safe; 13% risk of failure)
Press: ? - help, Shift-Dir - straight line, f/p - sixfirhy
Aim: a sixfirhy (umbra, chance to defeat MR: 22%)
The sixfirhy is moving more slowly.
Unknown command.
Really walk into a travel-excluded area?
Okay, then.
Really quaff
t - a potion of heal wounds {!q}?
You feel much better. The sixfirhy closely misses you. The sixfirhy misses you.
The sixfirhy hits you.
* * * LOW HITPOINT WARNING * * *
The sixfirhy shocks you!
* * * LOW HITPOINT WARNING * * *
The sixfirhy hits you.
* * * LOW HITPOINT WARNING * * *
The sixfirhy shocks you!
* * * LOW HITPOINT WARNING * * *
The sixfirhy hits you.
* * * LOW HITPOINT WARNING * * *
The sixfirhy shocks you!
You die...

#.#..#.###...<..........##
#.#....###......[.........
#.......##...........###..
##................#....##.#
####%......###.....#.........#
#.....#.#..#('...####....)...#
#.##.#).##.###....###..[.....#
##.##...#.....3.##....(.......#
#..#...##.....@.#......#.......
#.##...##..............#.......
#..............................
###.....#.....#.......##.......
##...##.....#.......###..###.
##...##.....##.......# #.# .
#....................# .#
#.##.##.....#........# #
#.#......##.#...........


You could see a sixfirhy (petrifying).

Vanquished Creatures
  A hydra (D:11)
  2 two-headed ogres
  An ugly thing (D:11)
  A deep elf mage (D:11)
  A kobold demonologist (D:8)
  A centaur skeleton (D:11)
  A shadow (D:10)
  A human (D:11)
  3 yaks (D:10)
  A hungry ghost (D:10)
  2 orc warriors
  2 water moccasins
  A black bear (D:11)
  An ice beast (D:9)
  A sky beast (D:8)
  A necrophage (D:11)
  A phantom (D:8)
  3 ogres
  3 centaurs
  11 big kobolds (D:8)
  3 bullfrogs
  A wyvern zombie (D:9)
  A scorpion (D:7)
  13 wights
  A howler monkey (D:4)
  4 crimson imps
  A bullfrog zombie (D:6)
  2 hounds
  4 orc priests
  3 jellies
  A bullfrog skeleton (D:9)
  3 orc wizards (D:9)
  5 iguanas
  2 worker ants
  2 worker ant zombies (D:8)
  A howler monkey skeleton (D:7)
  4 adders
  4 shadow imps
  2 oozes
  An adder zombie (D:5)
  2 worms
  2 leopard geckos
  37 orcs
  2 bats (D:2)
  3 giant cockroaches
  2 goblins (D:1)
  2 hobgoblins
  2 jackals (D:8)
  2 quokkas
  18 kobolds
  A leopard gecko skeleton (D:5)
  2 rats
172 creatures vanquished.

Vanquished Creatures (others)
  A fungus (D:8)
1 creature vanquished.

Grand Total: 173 creatures vanquished

Notes
Turn   | Place    | Note
-------+----------+-------------------------------------------
     0 | D:1      | Amnesiac the Vampire Earth Elementalist began the quest for the Orb.
     0 | D:1      | Reached XP level 1. HP: 13/13 MP: 3/3
    12 | D:1      | Noticed an electric eel
   117 | D:1      | Reached XP level 2. HP: 19/19 MP: 1/5
   127 | D:1      | Learned a level 2 spell: Passwall
   144 | D:2      | Found an ancient bone altar of Kikubaaqudgha.
   181 | D:2      | Found a radiant altar of Vehumet.
   432 | D:4      | Found a sacrificial altar of Ru.
   432 | D:4      | Found a faded altar of an unknown god.
   438 | D:4      | Found a faded altar of an unknown god.
   440 | D:4      | Found a hazy altar of Hepliaklqana.
   442 | D:4      | Found a snail-covered altar of Cheibriados.
   464 | D:5      | Entered Level 5 of the Dungeon
   465 | D:5      | Noticed a water moccasin
   496 | D:5      | Reached XP level 3. HP: 22/24 MP: 0/6
   502 | D:5      | Found a sparkling altar of Nemelex Xobeh.
   701 | D:6      | Learned a level 2 spell: Blink
   704 | D:7      | Found a runed door.
   759 | D:7      | Noticed a centaur
   772 | D:7      | Killed a centaur
   772 | D:7      | Reached skill level 4 in Stealth
   772 | D:7      | Reached XP level 4. HP: 9/30 MP: 4/8
   805 | D:6      | Reached XP level 5. HP: 15/35 MP: 4/9
   811 | D:6      | Learned a level 4 spell: Petrify
   818 | D:6      | Reached skill level 5 in Stealth
   925 | D:6      | Found a bloodstained altar of Trog.
   926 | D:6      | Found an iron altar of Okawaru.
   977 | D:4      | Reached skill level 5 in Earth Magic
   977 | D:4      | Reached XP level 6. HP: 40/41 MP: 7/10
  1076 | D:5      | Found Mineor's General Store.
  1082 | D:5      | Bought a potion of heal wounds for 50 gold pieces
  1082 | D:5      | Bought a +1 ring of protection for 30 gold pieces
  1105 | D:5      | Noticed Duvessa
  1119 | D:6      | Found Ripsiore's Armour Emporium.
  1198 | D:6      | Found a staircase to the Ecumenical Temple.
  1203 | Temple   | Entered the Ecumenical Temple
  1245 | Temple   | Became a worshipper of Dithmenos the Shadowed
  1404 | D:8      | Reached skill level 6 in Stealth
  1430 | D:8      | Noticed a sky beast
  1437 | D:8      | Killed a sky beast
  1437 | D:8      | Reached XP level 7. HP: 35/46 MP: 6/12
  1492 | D:8      | Reached skill level 7 in Stealth
  1681 | D:8      | Found a blossoming altar of Fedhas.
  2231 | D:8      | HP: 2/46 [orc warrior/mace (19)]
  2512 | D:8      | Reached * piety under Dithmenos
  2515 | D:8      | Reached skill level 8 in Stealth
  2515 | D:8      | Reached XP level 8. HP: 48/52 MP: 6/14
  2731 | D:8      | Noticed a kobold demonologist
  2740 | D:8      | Killed a kobold demonologist
  2740 | D:8      | Reached skill level 10 in Stealth
  2746 | D:8      | Reached skill level 1 in Short Blades
  2853 | D:8      | Reached XP level 9. HP: 27/57 MP: 0/15
  2860 | D:8      | Learned a level 5 spell: Lee's Rapid Deconstruction
  2882 | D:8      | Reached skill level 5 in Short Blades
  3242 | D:9      | Reached ** piety under Dithmenos
  3290 | D:9      | Noticed a two-headed ogre
  3306 | D:9      | Killed a two-headed ogre
  3679 | D:10     | Entered Level 10 of the Dungeon
  3680 | D:10     | Reached skill level 10 in Short Blades
  3680 | D:10     | Reached skill level 1 in Shields
  3700 | D:9      | Reached XP level 10. HP: 31/63 MP: 10/16
  3782 | D:11     | Found Mofie's Gadget Shop.
  3791 | D:11     | Reached *** piety under Dithmenos
  3815 | D:11     | Noticed a deep elf mage
  3826 | D:11     | Killed a deep elf mage
  3929 | D:11     | Noticed an eight-headed hydra
  3953 | D:11     | Killed an eight-headed hydra
  3953 | D:11     | Reached skill level 1 in Fighting
  3953 | D:11     | Reached skill level 11 in Stealth
  3963 | D:11     | Noticed a two-headed ogre
  3970 | D:11     | Found Poddaky's Jewellery Boutique.
  3971 | D:11     | Killed a two-headed ogre
  4128 | D:11     | Noticed a red ugly thing
  4137 | D:11     | Found Xaumeiri's Distillery.
  4140 | D:11     | Killed a red ugly thing
  4155 | D:11     | Bought a potion of brilliance for 52 gold pieces
  4155 | D:11     | Bought a potion of agility for 52 gold pieces
  4155 | D:11     | Bought a potion of flight for 39 gold pieces
  4176 | D:10     | Found a staircase to the Orcish Mines.
  4384 | D:10     | Reached skill level 12 in Stealth
  4388 | D:10     | Reached XP level 11. HP: 54/75 MP: 2/17
  4447 | D:8      | Reached skill level 5 in Dodging
  4559 | D:7      | Noticed a sixfirhy
  4566 | D:7      | Slain by a sixfirhy

Vault maps used:
D:1:      arrival_aquarium_a, fountainhead
D:2:      fiery_altar_vehumet, lemuel_zombie_altar_yredelemnul,
          tgw_kikubaaqudgha
D:3:      minmay_wonky_spiral, lemuel_coloured_pillars_altar,
          overflow_temple_1_default
D:4:      chequers_temple_overflow_minitemple
D:5:      nemelex_xobeh_ov_fountains_minmay, first_ration, serial_shops, shop,
          grunt_decor_one_mirror, kennysheep_nub, minmay_splitting_lines,
          uniq_duvessa
D:6:      grunt_temple_overflow_bloody_war, minmay_temple_entry_from_below_a,
          serial_shops, nicolae_shop_waterfront
D:7:      cheibrodos_shockbox, nicolae_overflow_crystal_walls, basic_altar,
          uniq_menkaure
D:8:      fedhas_altar_3, special_room
D:10:     david_orc_3, serial_shops, kennysheep_mini
D:11:     lair_entry_dummy, serial_shops, shop, kennysheep_mini_moat, shop,
          shop, nicolae_shop_crystal, hangedman_stone_soup,
          hangedman_abyss_or_decor_clamps, lemuel_angel_altar
Temple:   jpeg_temple_alley_garden

Skill      XL: |  1  2  3  4  5  6  7  8  9 10 11 |
---------------+----------------------------------+-----
Stealth        | 4 5 6 8 10 12 | 12.0
Transmutations | 2 |  2.2
Earth Magic    | 4 5 7 8 9 |  9.1
Spellcasting   | 3 4 |  4.0
Short Blades   | 4 10 | 10.0
Shields        | 1 4 |  4.2
Fighting       | 3 |  3.4
Dodging        | 4 5 |  5.0

Action                   |  1- 3 |  4- 6 |  7- 9 | 10-12 || total
-------------------------+-------+-------+-------+-------++-------
Melee: Unarmed           |    14 |       |       |       ||    14
       Bite              |     1 |       |    17 |     9 ||    27
       Dagger            |       |       |   107 |    11 ||   118
       Short sword       |       |       |    21 |    47 ||    68
 Cast: Sandblast         |    27 |    47 |   142 |    52 ||   268
       Petrify           |       |       |     6 |     6 ||    12
       Passwall          |       |       |       |     6 ||     6
       Lee's Rapid Decon |       |       |       |     4 ||     4
 Abil: Bat Form          |       |     1 |     4 |       ||     5
       End Transformatio |       |     1 |     3 |       ||     4
  Use: Scroll            |     5 |     3 |     2 |     6 ||    16
       Potion            |       |       |     7 |     1 ||     8
 Stab: Sleeping          |     2 |       |    14 |    10 ||    26
       Petrified         |       |       |     3 |     1 ||     4
       Petrifying        |       |       |       |     2 ||     2
       Distracted        |       |       |       |     1 ||     1
Armor: Robe              |     7 |     2 |    37 |     7 ||    53
Dodge: Dodged            |    13 |    11 |   119 |    43 ||   186
Block: Buckler           |       |       |       |     9 ||     9

Table legend:
 A = Spawn XP
 B = Non-spawn XP
 C = Spawn XP percentage of total XP
 D = Spawn monster count
 E = Non-spawn monster count
 F = Spawn count percentage of total count
 G = Total turns spent on level
                    A         B        C        D         E        F      G
               +---------+---------+-------+---------+---------+-------+---------
         Total |       0 |   11290 |   0.0 |       0 |     172 |   0.0 |  4566
               +---------+---------+-------+---------+---------+-------+---------
           D:1 |       0 |      15 |   0.0 |       0 |       5 |   0.0 |   128
           D:2 |       0 |       7 |   0.0 |       0 |       5 |   0.0 |   142
           D:3 |       0 |      15 |   0.0 |       0 |       6 |   0.0 |   164
           D:4 |       0 |      99 |   0.0 |       0 |       4 |   0.0 |   267
           D:5 |       0 |      52 |   0.0 |       0 |       7 |   0.0 |   341
           D:6 |       0 |     153 |   0.0 |       0 |       8 |   0.0 |   366
           D:7 |       0 |     207 |   0.0 |       0 |       4 |   0.0 |   482
           D:8 |       0 |    2756 |   0.0 |       0 |      56 |   0.0 |  1511
           D:9 |       0 |    2291 |   0.0 |       0 |      34 |   0.0 |   399
          D:10 |       0 |    1305 |   0.0 |       0 |      19 |   0.0 |   172
          D:11 |       0 |    4390 |   0.0 |       0 |      24 |   0.0 |   510
               +---------+---------+-------+---------+---------+-------+---------
